[Event "*** Titled Tuesday Blitz"]
[Site "Chess.com"]
[Date "2019.02.05"]
[Round "5"]
[White "vovachesss"]
[Black "amiralfio"]
[Result "1-0"]
[WhiteElo "2581"]
[BlackElo "2379"]
[TimeControl "180+2"]
[EndTime "14:04:51 PST"]
[Termination "vovachesss won by resignation"]

1. c4 Nf6 2. Nc3 c6 3. e4 e5 4.
Nf3 d5 5. cxd5 cxd5 6. exd5 Bd6 7. Bb5+ Nbd7 8. O-O O-O 9. Re1 a6 10. Bf1 Re8 11. d4 e4 12. Ng5 Nb6 13. g3 e3 14. Bxe3 Nbxd5 15. Nxd5 Nxd5 16. Qh5 Nf6 17. Qxf7+ Kh8 18. Qb3 Rf8 19. Nf7+ Rxf7 20. Qxf7 Bb4 21. Bg5 Bxe1 22. Rxe1 Bf5 23. Bxf6 gxf6 24. Re7 Qg8 25.
Qxf6+ 1-0

[Event "*** Titled Tuesday Blitz"]
[Site "Chess.com"]
[Date "2019.02.05"]
[Round "5"]
[White "Sanan_Sjugirov"]
[Black "Witik"]
[Result "0-1"]
[WhiteElo "2822"]
[BlackElo "2638"]
[TimeControl "180+2"]
[EndTime "14:04:52 PST"]
[Termination "Witik won by resignation"]

1. d4 d5 2. Nf3 e6 3. c4 c6 4.
Nbd2 f5 5. g3 Nf6 6. Bg2 Bd6 7.
O-O O-O 8. Ne5 b6 9. Qc2 Bb7 10. b3 a5 11. Bb2 Qe7 12. a3 Nbd7 13. e3 Rac8 14. Qb1 Ne4 15. Nxe4 fxe4 16. Nxd7 Qxd7 17. Qd1 Ba6 18. Rc1 a4 19. Bh3 Rf3 20. Bg4 Rcf8 21. cxd5 cxd5 22. Bxf3 exf3 23. Qc2 e5 24. Kh1 Qh3 25.
Rg1 Rf6 0-1

[Event "*** Titled Tuesday Blitz"]
[Site "Chess.com"]
[Date "2019.02.05"]
[Round "5"]
[White "Kawhi_Leonard2"]
[Black "PowerThinking2650"]
[Result "0-1"]
[WhiteElo "2232"]
[BlackElo "2259"]
[TimeControl "180+2"]
[EndTime "14:04:53 PST"]
[Termination "PowerThinking2650 won by resignation"]

1. e4 e5 2. Nf3 Nc6 3. Bb5 a6 4. Bxc6 dxc6 5. O-O f6 6. d4 exd4 7. Nxd4 c5 8. Ne2 Qxd1 9. Rxd1 Bd7 10. Nbc3 O-O-O 11. f3 Ne7 12. Bf4 Be6 13. Bg3 g5 14. h4 Bg7 15.
Kf2 h6 16. Ke3 f5 17. hxg5 hxg5 18. exf5 Nxf5+ 19. Kf2 Nd4 20. Ne4 Nxe2 21. Kxe2 Bxb2 22. Rab1 Bc4+ 23. Kf2 Bd4+ 24. Rxd4 Rxd4 25. Nxc5 Rd2+ 26. Kg1 b6 27. Ne4 Rxc2 28. Nxg5 Re8 29. Ne4 Bxa2 30. Re1 Rg8 31. Kh2 Bd5 32. Nf6 Rh8+ 33. Kg1 Bc6 34. Re7 Bb7 35. Be5 Rd8 36. Kh2 Bxf3 0-1

[Event "*** Titled Tuesday Blitz"]
[Site "Chess.com"]
[Date "2019.02.05"]
[Round "5"]
[White "Kirill_Klukin"]
[Black "valeriocarnicelli"]
[Result "1-0"]
[WhiteElo "2633"]
[BlackElo "2443"]
[TimeControl "180+2"]
[EndTime "14:04:54 PST"]
[Termination "Kirill_Klukin won by resignation"]

1. Nf3 Nf6 2. d4 g6 3. c4 Bg7 4.
Nc3 d6 5. Bg5 O-O 6. e3 Nbd7 7.
Be2 c5 8. O-O b6 9. Qc2 Bb7 10.
Rfd1 Rc8 11. Rac1 cxd4 12. Nxd4 Ne5 13. Qa4 a6 14. b3 Rc7 15. Bf4 Nfd7 16. Nd5 Rc5 17.
b4 Rxc4 18. Bxc4 Nxc4 19. Nc6 Bxc6 20. Qxc6 b5 21. Qxa6 e6 22. Nc3 Bxc3 23. Rxc3 e5 24. Qxb5 Nb2 25. Rxd6 exf4 26. Qxd7 Qb8 27. Rd4 fxe3 28.
fxe3 Qe5 29. Qd5 Qf6 30. Qf3 Qb6 31. h4 Ra8 32. Qxa8+ 1-0

[Event "*** Titled Tuesday Blitz"]
[Site "Chess.com"]
[Date "2019.02.05"]
[Round "5"]
[White "David_Klein"]
[Black "Dr-Bassem"]
[Result "0-1"]
[WhiteElo "2596"]
[BlackElo "2772"]
[TimeControl "180+2"]
[EndTime "14:04:55 PST"]
[Termination "Dr-Bassem won by checkmate"]

1. e4 e5 2. Nf3 Nc6 3. Bb5 a6 4. Ba4 Nf6 5. d3 d6 6. c3 g6 7. Nbd2 Bg7 8. Nf1 O-O 9. Ng3 b5 10. Bc2 h6 11. Bd2 d5 12. Qc1 Kh7 13. h4 Bg4 14. Nh2 Be6 15. h5 dxe4 16. hxg6+ fxg6 17. dxe4 h5 18. Nf3 Bg8 19. Ng5+ Kh8 20. Qd1 Qe8 21. Qe2 Rd8 22. Be3 Bc4 23. Qf3 Nh7 24. Nxh5 Rxf3 25. Nf6 Rxe3+ 26. fxe3 Bxf6 27. Nxh7 Kg7 28. g4 Qd7 29.
Rd1 Qxg4 30. Rxd8 Qe2# 0-1

[Event "*** Titled Tuesday Blitz"]
[Site "Chess.com"]
[Date "2019.02.05"]
[Round "5"]
[White "Vugar_Manafov"]
[Black "ZeroRealtorFade"]
[Result "0-1"]
[WhiteElo "2362"]
[BlackElo "2256"]
[TimeControl "180+2"]
[EndTime "14:04:59 PST"]
[Termination "ZeroRealtorFade won on time"]

1. Nf3 Nf6 2. g3 g6 3. b3 Bg7 4. Bb2 O-O 5. Bg2 d5 6. c4 dxc4 7. bxc4 Be6 8. d3 Nc6 9. O-O Rb8 10. a4 Qd7 11. Nbd2 Bh3 12. Rb1 Bxg2 13. Kxg2 Rfe8 14.
Ne5 Nxe5 15. Bxe5 Nh5 16. Bxg7 Nxg7 17. Nf3 e5 18. Qc2 f6 19. Rb2 Ne6 20. Rfb1 Qc6 21. Kg1 Nd4 22. Nxd4 exd4 23. a5 Re5 24. Rb5 Rbe8 25.
Rxe5 Rxe5 26. Qd2 b6 27. axb6 cxb6 28. Ra1 a5 29. Qa2 Qe6 30. Kf1 Qh3+ 31. Kg1 Rh5 32. e4 Qxh2+ 33. Kf1 Kg7 34. Rb1 Qh3+ 35. Ke1 Qg4 36.
Qc2 Qf3 0-1

[Event "*** Titled Tuesday Blitz"]
[Site "Chess.com"]
[Date "2019.02.05"]
[Round "5"]
[White "Chess2019Player"]
[Black "Eliwood44"]
[Result "1-0"]
[WhiteElo "2040"]
[BlackElo "2111"]
[TimeControl "180+2"]
[EndTime "14:05:00 PST"]
[Termination "Chess2019Player won by resignation"]

1. e4 e5 2. Nf3 Nc6 3. Bb5 Nge7 4.
O-O g6 5. c3 a6 6. Ba4 Bg7 7. d4 exd4 8. cxd4 b5 9. Bb3 d6 10.
Nc3 Bg4 11. Bxf7+ Kf8 12. Bd5 Nxd4 13. Nxd4 Bxd1 14. Ne6+ Ke8 15. Nxd8 Rxd8 16. Rxd1 Rf8 17. Be3 b4 18. Ne2 Bxb2 19. Rab1 Be5 20. Rxb4 c6 21. Bc4 d5 22. exd5 cxd5 23. Bxa6 Kf7 24. Rb7 Ke6 25. Bg5 Bf6 26. Bxf6 Rxf6 27. Nd4+ Kf7 28. Bb5 Kf8 29. Rxe7 Kxe7 30. Nc6+ Rxc6 31. Bxc6 d4 32. Kf1 Rd6 33. Bb5 Ke6 34. Bc4+ Ke5 35. Ke2 Rb6 36. Bb3 h5 37.
Rd3 Rc6 38. g3 Rc1 39. f4+ Ke4 40. Ba4 Rc4 41. Be8 Rc2+ 42. Rd2 d3+ 43. Kd1 Rc3 44. Bxg6+ Ke3 45. Bxh5 Rc6 46. a4 Rb6 47. Ke1 Rb1+ 48. Bd1 Rb8 49. Ra2 Rd8 50. a5 d2+ 51. Kf1 Rc8 52.
Ra3+ Ke4 53. Ke2 1-0

[Event "*** Titled Tuesday Blitz"]
[Site "Chess.com"]
[Date "2019.02.05"]
[Round "5"]
[White "evgenysharapov"]
[Black "kacprekt"]
[Result "1-0"]
[WhiteElo "2326"]
[BlackElo "2306"]
[TimeControl "180+2"]
[EndTime "14:05:01 PST"]
[Termination "evgenysharapov won by resignation"]

1. e4 c6 2. d4 d5 3. Nc3 dxe4 4. Nxe4 Bf5 5. Ng3 Bg6 6. h4 h6 7. Nf3 Nd7 8. h5 Bh7 9. Bd3 Bxd3 10. Qxd3 e6 11. Bd2 Ngf6 12. O-O-O Be7 13. Kb1 Qb6 14. Ne4 Rd8 15. Nxf6+ Nxf6 16. Qe2 O-O 17. Be3 Qb5 18. Qxb5 cxb5 19. Ne5 Nd5 20. Bc1 Rc8 21. g4 Rfd8 22. f3 Bf6 23. Rhe1 Kf8 24. a3 Bxe5 25. dxe5 Ke7 26. Rd3 Nb6 27. Red1 Rxd3 28. Rxd3 Nd5 29. c3 a6 30. Kc2 Rc4 31. Rd4 Rxd4 32. cxd4 f6 33.
exf6+ Kxf6 34. Kd3 Ne7 35. Bf4 Nd5 36. Be5+ Kf7 37. f4 g6 38. hxg6+ Kxg6 39. Ke4 Nf6+ 40. Bxf6 Kxf6 41. b4 b6 42. g5+ hxg5 43. fxg5+ Kxg5 44. Ke5 1-0

[Event "*** Titled Tuesday Blitz"]
[Site "Chess.com"]
[Date "2019.02.05"]
[Round "5"]
[White "AryanTari"]
[Black "Alopekos"]
[Result "1-0"]
[WhiteElo "2816"]
[BlackElo "2491"]
[TimeControl "180+2"]
[EndTime "14:05:04 PST"]
[Termination "AryanTari won on time"]

1. e4 e5 2. Nf3 Nc6 3. Nc3 Nf6 4. a3 d5 5. Bb5 Nxe4 6. Qe2 Nxc3 7. Qxe5+ Qe7 8.
dxc3 Bd7 9. Qxe7+ Bxe7 10. Bf4 O-O-O 11. O-O-O a6 12. Bxc6 Bxc6 13. Rhe1 Rhe8 14. Ne5 Bd6 15. Nd3 Bb5 16. Rxe8 Bxe8 17. g3 Bb5 18. Bxd6 Rxd6 19.
Nf4 Bc6 20. h4 Kd7 21. Kd2 d4 22. c4 Bf3 23. Re1 c5 24. Nd3 f6 25. Nxc5+ Kc6 26.
Nd3 Rd7 27. Re6+ Kc7 28. Nc5 Rf7 29. b4 f5 30. a4 f4 31. a5 Bg4 32. Re4 fxg3 33.
fxg3 Bf3 34. Rxd4 Re7 35. Rd3 Bc6 36. Re3 Rf7 37. Ne6+ Kd6 38. Nd4 Bd7 39. Nf3 1-0

[Event "*** Titled Tuesday Blitz"]
[Site "Chess.com"]
[Date "2019.02.05"]
[Round "5"]
[White "GameOverBro"]
[Black "Gentlejimmy7"]
[Result "1-0"]
[WhiteElo "2513"]
[BlackElo "2295"]
[TimeControl "180+2"]
[EndTime "14:05:09 PST"]
[Termination "GameOverBro won by resignation"]

1. e4 e5 2. Nf3 Nc6 3. Bb5 a6 4. Ba4 Nf6 5. d4 exd4 6. O-O Be7 7. e5 Ne4 8. Nxd4 Nc5 9. Nf5 O-O 10. Qg4 g6 11. Bxc6 dxc6 12. Nxe7+ Qxe7 13. Qg3 Bf5 14. Bg5 Qe6 15. Nc3 Rfe8 16. Rfe1 Qc4 17. h3 Ne6 18. Bf6 Qf4 19. Qxf4 Nxf4 20. Ne4 Bxe4 21. Rxe4 Nd5 22.
Rae1 Nxf6 23. exf6 Kf8 24. Re7 Rad8 25. Kf1 c5 26.
Rxc7 Rd6 27. Rxe8+ Kxe8 28. Re7+ Kf8 29. Rxb7 Rxf6 30.
Rc7 Rb6 31. b3 Rb5 32. a4 Ra5 33. c4 Ke8 34. Ke2 h5 35. Kd3 f5 36. g4 fxg4 37.
hxg4 hxg4 38. Ke4 Kd8 39. Ra7 Kc8 40. Kf4 Kb8 41. Rg7 1-0

[Event "*** Titled Tuesday Blitz"]
[Site "Chess.com"]
[Date "2019.02.05"]
[Round "5"]
[White "HomayoonTofighi"]
[Black "VerdeNotte"]
[Result "1-0"]
[WhiteElo "2743"]
[BlackElo "2834"]
[TimeControl "180+2"]
[EndTime "14:05:12 PST"]
[Termination "HomayoonTofighi won by resignation"]

1. e4 c5 2. Nf3 d6 3. Bb5+ Bd7 4. Bxd7+ Nxd7 5. O-O Ngf6 6. Re1 g6 7. c3 Bg7 8. d4 O-O 9. Bg5 h6 10. Bh4 e5 11.
dxe5 Nxe5 12. Nxe5 dxe5 13. Na3 Qb6 14. Bxf6 Qxf6 15. Nc4 Rad8 16. Qb3 Qc6 17. a4 h5 18. Qb5 Qc7 19. Ne3 Qc6 20. Nd5 Rd7 21. Rad1 Qxb5 22. axb5 Rfd8 23. Ra1 b6 24. Ra4 f5 25.
Rea1 fxe4 26. c4 e3 27. fxe3 e4 28. Rxa7 Rxd5 29. cxd5 Rxd5 30. Rb7 Rd8 31. Rxb6 Bxb2 32. Rb1 Bc3 33. Rxg6+ Kf7 34. Rc6 Bd2 35. Kf2 Bb4 36. b6 Ke7 37. b7 Rb8 38. Rxb4 cxb4 39. Rb6 Kd7 40. Rxb4 Kc7 41. Ke2 Kc6 42. g3 Kc5 43. Rb1 Kc6 44. h3 Kc7 45. g4 hxg4 46. hxg4 Rh8 47.
b8=Q+ Rxb8 48. Rxb8 Kxb8 49. g5 1-0

[Event "*** Titled Tuesday Blitz"]
[Site "Chess.com"]
[Date "2019.02.05"]
[Round "5"]
[White "KlyashtornyVladislav"]
[Black "AndrewMcStone"]
[Result "1-0"]
[WhiteElo "2204"]
[BlackElo "2114"]
[TimeControl "180+2"]
[EndTime "14:05:13 PST"]
[Termination "KlyashtornyVladislav won by resignation"]

1. e4 e6 2. d4 d5 3. Nc3 Nc6 4. Nf3 Nf6 5. e5 Ne4 6. Bb5 Bb4 7. O-O Nxc3 8. bxc3 Bxc3 9. Rb1 Bd7 10. Rb3 Ba5 11. Ba3 Ne7 12. Bd3 h6 13. h4 Bb6 14.
c3 Rc8 15. Qd2 O-O 16. Rfb1 c5 17. dxc5 Bxc5 18. Bxc5 Rxc5 19. Rxb7 Ra5 20. c4 Ra4 21. cxd5 Nxd5 22. Qc2 Qc8 23. Rxd7 Qxd7 24. Bb5 Qc7 25. Qxc7 Nxc7 26. Bxa4 1-0

[Event "*** Titled Tuesday Blitz"]
[Site "Chess.com"]
[Date "2019.02.05"]
[Round "5"]
[White "SergioGarciaFuentes"]
[Black "Muisback26"]
[Result "0-1"]
[WhiteElo "1988"]
[BlackElo "2859"]
[TimeControl "180+2"]
[EndTime "14:05:20 PST"]
[Termination "Muisback26 won by resignation"]

1. d4 Nf6 2. Nf3 g6 3. b3 Bg7 4.
Bb2 a5 5. a3 d5 6. g3 Ne4 7. Qc1 O-O 8. Bg2 b6 9. O-O Ba6 10. c4 a4 11. Nfd2 Nd6 12. Bxd5 c6 13. Bg2 axb3 14. Re1 Ra7 15. c5 Nf5 16. e3 e5 17.
dxe5 bxc5 18. Nxb3 Nd7 19. Nxc5 Nxe5 20. Nxa6 Nd3 21.
Bxg7 Nxc1 22. Bxf8 Nb3 23. Ra2 Qxf8 24. Nb4 c5 25. Nc6 Rd7 26. Ne5 Rd8 27. Nc6 Rd6 28.
Rc2 Qe8 29. Nc3 Rxc6 30. Bxc6 Qxc6 31. e4 Nfd4 32. Nd5 Nf3+ 33. Kh1 Nxe1 34. Ne7+ Kf8 35.
Nxc6 Nxc2 36. Kg2 Nxa3 37. Ne5 c4 38. f4 c3 39. f5 c2 40. Nd3 Nc4 41. Kh3 Nb2 0-1

[Event "*** Titled Tuesday Blitz"]
[Site "Chess.com"]
[Date "2019.02.05"]
[Round "5"]
[White "salomez"]
[Black "saraswathii"]
[Result "0-1"]
[WhiteElo "2131"]
[BlackElo "2259"]
[TimeControl "180+2"]
[EndTime "14:05:20 PST"]
[Termination "saraswathii won on time"]

1. e4 c5 2. Nf3 e6 3. d4 cxd4 4. Nxd4 Nf6 5. Nc3 Nc6 6. Ndb5 Bb4 7. a3 Bxc3+ 8. Nxc3 d5 9. exd5 exd5 10. Bd3 d4 11. Ne4 Nxe4 12. Bxe4 Bf5 13. Bxf5 Qa5+ 14. Bd2 Qxf5 15. Qe2+ Qe6 16. Qxe6+ fxe6 17. O-O O-O 18. f4 e5 19. Rae1 exf4 20. Bxf4 Rac8 21. Re2 Rfd8 22.
Rd1 Na5 23. b3 d3 24. Rxd3 Rxd3 25. cxd3 Nxb3 26. Rb2 Rc3 27. Kf2 Rxd3 28. Ke2 Rc3 29. Be5 Rc5 30. Bb8 Nd4+ 31. Kd3 Nc6 32. Rxb7 Ra5 33.
Kc4 Rxa3 34. Bd6 Na5+ 35. Kd4 Ra4+ 0-1

[Event "*** Titled Tuesday Blitz"]
[Site "Chess.com"]
[Date "2019.02.05"]
[Round "5"]
[White "Perecke"]
[Black "gemarin"]
[Result "0-1"]
[WhiteElo "2041"]
[BlackElo "2096"]
[TimeControl "180+2"]
[EndTime "14:05:20 PST"]
[Termination "gemarin won on time"]

1. e4 c5 2. Nf3 Nc6 3. Nc3 a6 4. a4 d6 5. d4 cxd4 6. Nxd4 Nf6 7. Be2 e6 8. Be3 Bd7 9. O-O Be7 10.
f4 O-O 11. Bf3 Rc8 12. Qe2 Qc7 13. g4 Nxd4 14. Bxd4 Qc4 15. Qf2 e5 16. fxe5 Nxg4 17. Bxg4 Bxg4 18. exd6 Bxd6 19. Nd5 Bh3 20. Rfd1 Qxc2 21.
Rd2 Qxe4 22. Qf6 Qg4+ 23. Kh1 Bb4 24. Rf2 Rc6 25. Qe5 Bd6 26. Nf6+ gxf6 27. Qxf6 Be5 0-1

[Event "*** Titled Tuesday Blitz"]
[Site "Chess.com"]
[Date "2019.02.05"]
[Round "5"]
[White "StoreySniper"]
[Black "Manukyan_Artak"]
[Result "0-1"]
[WhiteElo "2335"]
[BlackElo "2359"]
[TimeControl "180+2"]
[EndTime "14:05:25 PST"]
[Termination "Manukyan_Artak won by checkmate"]

1. d4 Nf6 2. c4 g6 3. Nc3 Bg7 4. e4 d6 5. Be2 O-O 6. h4 h5 7. Bg5 Nh7 8. Be3 e5 9. d5 c5 10. Qd2 Na6 11. a3 Nc7 12. b4 b6 13. bxc5 bxc5 14. Nf3 Bd7 15. Ng5 Nf6 16. f3 Rb8 17.
O-O Nh7 18. g3 Bf6 19. Nxh7 Kxh7 20. Rfb1 Qe7 21. a4 Na6 22. Nb5 Bxb5 23. axb5 Nb4 24.
Rxb4 cxb4 25. Rxa7 Rb7 26. Rxb7 Qxb7 27. Qxb4 Ra8 28.
Qxd6 Kg7 29. c5 Ra2 30. c6 Qa8 31. Bf1 Qa5 32. c7 Qe1 33. Qxf6+ Kxf6 34. Bg5+ Kg7 35.
c8=Q Qxg3+ 36. Kh1 Qh2# 0-1

[Event "*** Titled Tuesday Blitz"]
[Site "Chess.com"]
[Date "2019.02.05"]
[Round "5"]
[White "TheBigBadChessDad"]
[Black "Fivetrick"]
[Result "1-0"]
[WhiteElo "2277"]
[BlackElo "2537"]
[TimeControl "180+2"]
[EndTime "14:05:29 PST"]
[Termination "TheBigBadChessDad won by resignation"]

1. d4 Nf6 2. Nf3 g6 3. Bg5 Bg7 4. Nbd2 d5 5. e3 O-O 6. Be2 b6 7. O-O Bb7 8. c4 dxc4 9. Bxc4 Nbd7 10. Qe2 c5 11. dxc5 Nxc5 12. Rfd1 Qc7 13. Rac1 a5 14. Bf4 Qc8 15. Nb3 Qg4 16. Nxc5 bxc5 17. h3 Qf5 18. Nh4 Qc8 19. Be5 Qc6 20. Nf3 h5 21. b3 Qb6 22.
a4 Qc6 23. Rd2 Rad8 24. Rcd1 Rxd2 25. Qxd2 Ne4 26. Qd7 Bxe5 27. Qxc6 Bxc6 28. Nxe5 Ba8 29. Nxf7 Rxf7 30. Rd8+ Kg7 31. Bxf7 Bc6 32. Bd5 Bxd5 33. Rxd5 Nc3 34. Rxc5 Ne2+ 1-0

[Event "*** Titled Tuesday Blitz"]
[Site "Chess.com"]
[Date "2019.02.05"]
[Round "5"]
[White "Jenia84"]
[Black "NoGalloNoParty"]
[Result "1-0"]
[WhiteElo "2213"]
[BlackElo "2324"]
[TimeControl "180+2"]
[EndTime "14:05:32 PST"]
[Termination "Jenia84 won by checkmate"]

1. Nf3 Nf6 2. e3 d5 3. c4 c6 4.
Nc3 Bg4 5. Be2 e6 6. Ne5 Bxe2 7. Qxe2 Nbd7 8. Nxd7 Qxd7 9. b3 Bd6 10. Bb2 O-O 11. O-O Rfe8 12. f4 Rad8 13. Nd1 Be7 14. cxd5 Qxd5 15.
d4 Ne4 16. Nf2 Bf6 17. Ng4 Be7 18. Rac1 Bf8 19. Ne5 c5 20. Rfd1 cxd4 21. Bxd4 Qa5 22.
a4 Rc8 23. Rxc8 Rxc8 24. Qf3 Nf6 25. Qxb7 Rc7 26. Qb8 Nd7 27. Qd8 Rc5 28. Qxa5 Rxa5 29. Nxd7 Rd5 30. Nxf8 Kxf8 31. e4 Rd8 32. Bxg7+ Ke7 33.
Bf6+ Ke8 34. Rxd8# 1-0

[Event "*** Titled Tuesday Blitz"]
[Site "Chess.com"]
[Date "2019.02.05"]
[Round "5"]
[White "x-5963514717"]
[Black "jerry_77"]
[Result "1-0"]
[WhiteElo "2459"]
[BlackElo "2421"]
[TimeControl "180+2"]
[EndTime "14:05:35 PST"]
[Termination "x-5963514717 won by resignation"]

1. Nf3 Nf6 2. g3 e6 3. Bg2 d5 4.
O-O Be7 5. d4 O-O 6. c4 dxc4 7.
Ne5 Nc6 8. Nxc6 bxc6 9. Na3 Bxa3 10. bxa3 Rb8 11. Qa4 Nd5 12. Qxc4 Rb6 13. Rd1 Ba6 14. Qc2 Qe7 15. e4 Nf6 16. Bd2 Qxa3 17. Bg5 Qb2 18. Qc5 Qb4 19. Qc1 Nd7 20. Bd2 Qb2 21. Ba5 Qxc1 22.
Rdxc1 Rb5 23. Bxc7 Rc8 24. Bd6 Ra5 25. e5 c5 26.
dxc5 Nxc5 27. Bf1 Bxf1 28. Kxf1 f6 29. Rc2 Kf7 30. Rac1 fxe5 31. Bxc5 e4 32. Be3 Rxc2 33.
Rxc2 a6 34. Bc5 g6 35. a3 Rb5 36. Ke2 Kf6 37. Bb4 Kf5 38. Rc5+ Rxc5 39. Bxc5 Kg4 40. h4 g5 1-0

[Event "*** Titled Tuesday Blitz"]
[Site "Chess.com"]
[Date "2019.02.05"]
[Round "5"]
[White "AlexTriapishko"]
[Black "albi1999"]
[Result "1-0"]
[WhiteElo "2751"]
[BlackElo "2493"]
[TimeControl "180+2"]
[EndTime "14:05:38 PST"]
[Termination "AlexTriapishko won by resignation"]

1. d4 d5 2. Bg5 h6 3. Bh4 c6 4. Nf3 Qb6 5. Qc1 g5 6. Bg3 g4 7. Ne5 Qxd4 8. c4 dxc4 9. e3 Qb6 10. Bxc4 e6 11. Nc3 Nf6 12. O-O Nbd7 13. Ne2 Be7 14. Nd4 h5 15. Nxf7 Kxf7 16. Nxe6 Nd5 17. Nc7 Nf6 18.
Nxa8 Qa5 19. Nc7 h4 20. Bf4 h3 21. Nxd5 cxd5 22. Bd3 hxg2 23. Rd1 Be6 24. Qc3 Qd8 25. Qc7 Qf8 26. Bd6 Nd7 27. Bxe7 Qxe7 28. Qf4+ Nf6 29. Rac1 Rh3 30. Rc7 Bd7 31. Bf5 Rf3 32. Rxd7 Nxd7 33. Qxg4 Ne5 34. Qh5+ Kf6 35. Qh4+ Kf7 36. Qxe7+ Kxe7 37. Bb1 Ng4 38. Rd2 d4 39. exd4 Rh3 40. Bf5 Nxh2 41.
Re2+ 1-0

[Event "*** Titled Tuesday Blitz"]
[Site "Chess.com"]
[Date "2019.02.05"]
[Round "5"]
[White "regular_legs"]
[Black "cherryandmint"]
[Result "1/2-1/2"]
[WhiteElo "2485"]
[BlackElo "2622"]
[TimeControl "180+2"]
[EndTime "14:05:39 PST"]
[Termination "Game drawn by agreement"]

1. d4 d5 2. c4 e6 3. Nc3 Nf6 4. cxd5 Nxd5 5. e4 Nxc3 6. bxc3 c5 7. Nf3 cxd4 8. cxd4 Bb4+ 9. Bd2 Bxd2+ 10. Qxd2 O-O 11. Rc1 b6 12. Bd3 Bb7 13. Qe3 Nc6 14. O-O h6 15. Bb1 Rc8 16. Rfd1 Ne7 17. Qa3 Rxc1 18. Rxc1 Nc6 19.
Qd3 Ne7 20. d5 exd5 21. e5 g6 22. Nd4 Qd7 23. Qe3 Rc8 24. Qxh6 Rxc1+ 25. Qxc1 Nc6 26. e6 fxe6 27. Qg5 Nxd4 28. Qxg6+ Qg7 29. Qe8+ Qf8 30. Qg6+ Qg7 31. Qe8+ Qf8 32. Qg6+ 1/2-1/2

[Event "*** Titled Tuesday Blitz"]
[Site "Chess.com"]
[Date "2019.02.05"]
[Round "5"]
[White "Zhuu96"]
[Black "Federtiu"]
[Result "1-0"]
[WhiteElo "2864"]
[BlackElo "2643"]
[TimeControl "180+2"]
[EndTime "14:05:40 PST"]
[Termination "Zhuu96 won by resignation"]

1. e4 g6 2. d4 Bg7 3. Nc3 d6 4. f4 a6 5. Nf3 b5 6. Bd3 Nd7 7. e5 c5 8. Be4 Rb8 9. d5 dxe5 10. fxe5 Nxe5 11. Bf4 Bg4 12. Qe2 Nc4 13. Bxb8 Qxb8 14. O-O-O Nxb2 15. Kxb2 b4 16. Ka1 Bxc3+ 17. Kb1 Nf6 18. d6 e5 19. Bc6+ Kf8 20. h3 Be6 21. Nxe5 Qb6 22. Rhf1 Kg7 23. Rxf6 Kxf6 24. Nd7+ Bxd7 25.
Bxd7 Kg7 26. Be8 Qa5 27. Rf1 Qa3 28. Rxf7+ Kg8 29. Rf8+ Kxf8 30. Qe7+ 1-0

[Event "*** Titled Tuesday Blitz"]
[Site "Chess.com"]
[Date "2019.02.05"]
[Round "5"]
[White "popov_m"]
[Black "LucaBrasi1968"]
[Result "1/2-1/2"]
[WhiteElo "2614"]
[BlackElo "2473"]
[TimeControl "180+2"]
[EndTime "14:05:40 PST"]
[Termination "Game drawn by repetition"]

1. e4 c6 2. d4 d5 3. e5 Bf5 4. h4 h5 5. Bd3 Bxd3 6. Qxd3 e6 7. Bg5 Be7 8. Nh3 Nh6 9. Nd2 Nf5 10. O-O Nxh4 11.
Bxe7 Qxe7 12. c4 Nf5 13. Rac1 dxc4 14. Nxc4 O-O 15. Nf4 g6 16. Ne3 Nd7 17. Nxf5 exf5 18.
Qg3 h4 19. Qf3 Rfd8 20. g4 fxg4 21. Qxg4 Nf8 22. Rfd1 Ne6 23. Nxe6 Qxe6 24. Qxh4 Kg7 25. Rc3 Rh8 26. Qf4 Rh5 27. Rf3 Rf5 28. Qg3 Rxf3 29.
Qxf3 Rd8 30. b3 c5 31. Qe4 cxd4 32. Rxd4 Rxd4 33. Qxd4 b6 34. Kg2 g5 35. Kg3 Kg6 36. Qe4+ Qf5 37. Qc6+ Kg7 38. Qd6 Qf4+ 39. Kg2 g4 40. a4 Qf3+ 41. Kg1 g3 42. fxg3 Qxg3+ 43. Kf1 Qf3+ 44. Ke1 Qe3+ 45. Kf1 Qf3+ 46. Kg1 Qg3+ 47.
Kf1 Qf3+ 1/2-1/2

[Event "*** Titled Tuesday Blitz"]
[Site "Chess.com"]
[Date "2019.02.05"]
[Round "5"]
[White "King_of_the_wing"]
[Black "Witaliss"]
[Result "0-1"]
[WhiteElo "2189"]
[BlackElo "2374"]
[TimeControl "180+2"]
[EndTime "14:05:44 PST"]
[Termination "Witaliss won by resignation"]

1. e4 d5 2. exd5 Nf6 3. Nc3 Nxd5 4. Bc4 c6 5. Nf3 g6 6. d4 Bg7 7. O-O O-O 8. h3 Be6 9. Ng5 Nxc3 10. Nxe6 Nxd1 11.
Nxd8 Rxd8 12. Rxd1 Rxd4 13. Be3 Rd6 14. c3 Nd7 15.
Bf4 Ne5 16. Rxd6 exd6 17. Bb3 d5 18. Rd1 Re8 19. Be3 b6 20. Kf1 Bf8 21. Bf4 f6 22. Re1 Kf7 23. Re3 Nd7 24. Rg3 Nc5 25. Bc2 Ne4 26. Rd3 Bd6 27. Be3 Bc5 28. c4 Bxe3 29. fxe3 Nc5 30. Ra3 a5 31. cxd5 cxd5 32. Rc3 Ke6 33.
a3 Kd6 34. b4 axb4 35. axb4 Ne4 36. Ra3 Rc8 37. Bxe4 dxe4 38. Ra6 Kc6 39. Ra7 Rc7 40. b5+ Kd6 41. Ra6 Kc5 42. Ra4 f5 0-1

[Event "*** Titled Tuesday Blitz"]
[Site "Chess.com"]
[Date "2019.02.05"]
[Round "5"]
[White "Th3ChessViking"]
[Black "TomasKapitanchuk"]
[Result "1-0"]
[WhiteElo "2468"]
[BlackElo "2416"]
[TimeControl "180+2"]
[EndTime "14:05:52 PST"]
[Termination "Th3ChessViking won by checkmate"]

1. c4 Nf6 2. g3 c5 3. Bg2 g6 4.
Nc3 Bg7 5. d3 O-O 6. Bf4 Nc6 7. Qd2 Re8 8. Bh6 Bh8 9. h4 e6 10.
O-O-O d5 11. Bg5 dxc4 12. Bxc6 bxc6 13. dxc4 Qa5 14. Bxf6 Bxf6 15. Ne4 Qxd2+ 16. Rxd2 Be7 17. f4 a5 18. Nf3 f6 19. h5 Ba6 20. hxg6 hxg6 21.
b3 a4 22. Kc2 Kg7 23. e3 axb3+ 24. axb3 Bb7 25. Kb2 Rab8 26. Rd7 Bc8 27. Rc7 Kg8 28. g4 Ba6 29. g5 Bxc4 30. Nxf6+ Bxf6+ 31. gxf6 Rxb3+ 32. Kc2 Rf8 33. Rg7# 1-0

[Event "*** Titled Tuesday Blitz"]
[Site "Chess.com"]
[Date "2019.02.05"]
[Round "5"]
[White "Synctel"]
[Black "AkibaRubi"]
[Result "1-0"]
[WhiteElo "1902"]
[BlackElo "2549"]
[TimeControl "180+2"]
[EndTime "14:05:59 PST"]
[Termination "Synctel won on time"]

1. d4 d5 2. Nf3 Bf5 3. c4 e6 4. Qb3 b6 5. Nc3 Nf6 6. e3 c6 7. Nh4 dxc4 8. Bxc4 Be4 9. Nxe4 Nxe4 10. Nf3 Be7 11. O-O O-O 12. Qc2 Nf6 13. b3 Nbd7 14. Bb2 Rc8 15. Rfd1 Qc7 16. Rac1 Qb7 17. Qe2 Rfd8 18.
Ba6 Qb8 19. Bxc8 Rxc8 20. e4 h6 21. h3 Qb7 22. Rc2 c5 23. Rdc1 Rd8 24. e5 Nd5 25. dxc5 Nxc5 26. Rd1 Nd7 27. Rcd2 Nf8 28. Nd4 Ng6 29.
Qe4 Rc8 30. g3 Bf8 31. Kh2 Qb8 32. Nb5 1-0

[Event "*** Titled Tuesday Blitz"]
[Site "Chess.com"]
[Date "2019.02.05"]
[Round "5"]
[White "psychokiller48"]
[Black "Sosat98"]
[Result "0-1"]
[WhiteElo "2603"]
[BlackElo "2598"]
[TimeControl "180+2"]
[EndTime "14:06:01 PST"]
[Termination "Sosat98 won by resignation"]

1. e4 c5 2. Na3 Nc6 3. Bb5 Nd4 4. Nf3 Nxb5 5. Nxb5 g6 6. d4 Bg7 7. Be3 cxd4 8.
Bxd4 Nf6 9. e5 Nh5 10. O-O O-O 11. Qd2 f6 12. Qc3 b6 13. Rfe1 Bb7 14. e6 d6 15. Qe3 g5 16. c4 Nf4 17. h3 Bh6 18.
Qb3 Qe8 19. Nc7 Qh5 20. Nd5 Bxd5 21. cxd5 g4 22. hxg4 Qxg4 23. g3 Kh8 24. Nh2 Nh3+ 25.
Kg2 Qxd4 26. Kxh3 Qxf2 27. Ng4 Qd2 28. Rad1 Qg5 29. Qf3 Rg8 30. Nf2 Rac8 31. Rd4 Rc2 32. Kg2 f5 33. Rd3 Bg7 34. Re2 Rxb2 35. Rxb2 Bxb2 36.
Nh3 Qf6 37. Nf4 Be5 38. Nh5 Qg5 39. Rd1 Rc8 40. Qe2 Rc3 41. Rd3 Rxd3 42. Qxd3 Qxh5 43. Qc4 Qg4 0-1

[Event "*** Titled Tuesday Blitz"]
[Site "Chess.com"]
[Date "2019.02.05"]
[Round "5"]
[White "DonPreuss"]
[Black "MateusViageiro"]
[Result "0-1"]
[WhiteElo "2180"]
[BlackElo "2191"]
[TimeControl "180+2"]
[EndTime "14:06:01 PST"]
[Termination "MateusViageiro won on time"]

1. d4 Nf6 2. Nc3 d5 3. e4 dxe4 4. f3 exf3 5. Nxf3 g6 6. Bd3 Bg7 7. O-O O-O 8. Qe1 c6 9. Qh4 Bg4 10. Bh6 Bxf3 11. Rxf3 Bxh6 12. Qxh6 Qxd4+ 13. Kh1 Nbd7 14.
Rh3 Ne5 15. Ne4 Neg4 16. Nxf6+ Nxf6 17. Rf1 Rfd8 18. Rf4 Qe5 19. g4 Qd5+ 20. Kg1 Qc5+ 21. Kf1 Qe5 22. Rff3 Rd5 23. c4 Ra5 24. b4 Rxa2 25.
Kg1 Qd4+ 26. Kh1 Qxg4 0-1